 Dungeon Crawl Stone Soup version 0.29.1-1-gd02db6906a (webtiles) character file.

Game seed: 17045597952263969036

3146 MeatBomb the Severer (level 9, -3/70 HPs)
             Began as a Minotaur Berserker on Sept 24, 2022.
             Was an Elder of Trog.
             Slain by a gargoyle
             ... wielding a +0 morningstar
              (12 damage)
             ... on level 7 of the Dungeon.
             The game lasted 00:31:42 (7366 turns).

MeatBomb the Severer (Minotaur Berserker)           Turns: 7366, Time: 00:31:42

Health: -3/70      AC: 17    Str: 26    XL:     9   Next: 62%
Magic:  8/8        EV:  7    Int:  4    God:    Trog [****..]
Gold:   531        SH:  0    Dex: 10    Spells: 8/8 levels left

rFire   . . .      SeeInvis .   a - +0 executioner's axe
rCold   . . .      Faith    .   (shield currently unavailable)
rNeg    . . .      Spirit   .   f - +1 plate armour
rPois   +          Reflect  .   (helmet restricted)
rElec   .          Harm     .   i - +2 cloak {rPois}
rCorr   .          Rampage  .   k - +0 pair of gloves
Will    .....                   g - +0 pair of boots
Stlth   ..........              (no amulet)
HPRegen 0.21/turn               (no ring)
MPRegen 0.11/turn               (no ring)

@: on berserk cooldown, slowed, very slow
A: horns 2, retaliatory headbutt
a: Renounce Religion, Berserk, Trog's Hand, Brothers in Arms


You were on level 7 of the Dungeon.
You worshipped Trog.
Trog was greatly pleased with you.
You visited 2 branches of the dungeon, and saw 8 of its levels.
You also visited: Sewer.

You collected 531 gold pieces.

Inventory:

Hand Weapons
 a - a +0 executioner's axe (weapon)
 b - a +1 whip of electrocution
 B - a +0 war axe
 E - a +0 flail of protection
Missiles
 e - 35 stones (quivered)
 u - 2 boomerangs
 z - 6 poisoned darts
 F - 5 atropa-tipped darts
Armour
 f - a +1 plate armour (worn)
 g - a +0 pair of boots (worn)
 i - a +2 cloak of poison resistance (worn)
 k - a +0 pair of gloves (worn)
 H - a +1 robe of resistance
Jewellery
 o - a ring of fire
Wands
 q - a wand of iceblast (12)
 r - a wand of digging (3)
 A - a wand of paralysis (6)
Scrolls
 h - a scroll of immolation {unknown}
 j - 3 scrolls of teleportation
 l - 3 scrolls of butterflies
 n - 2 scrolls of enchant armour
 p - 2 scrolls of poison {unknown}
 s - 3 scrolls of identify
 x - a scroll of vulnerability {unknown}
 y - a scroll of summoning {unknown}
 C - a scroll of noise {unknown}
 D - a scroll of magic mapping {unknown}
 G - a scroll of amnesia {unknown}
Potions
 c - 3 potions of mutation
 d - 2 potions of heal wounds
 m - a potion of lignification {unknown}
 t - a potion of attraction {unknown}
 v - 3 potions of curing
 w - a potion of degeneration {unknown}


   Skills:
 - Level 3.6 Fighting
 * Level 16.1 Axes
 - Level 2.4 Armour
 - Level 2.1 Dodging


You had 8 spell levels left.
You didn't know any spells.
Your spell library was empty.

Dungeon Overview and Level Annotations

Branches:
Dungeon (7/15)             Temple (1/1) D:6           Sewer (visited)

Altars:
Ashenzari
Cheibriados
Dithmenos
Elyvilon
Fedhas
Kikubaaqudgha
Makhleb
Nemelex Xobeh
Okawaru
Qazlal
Ru
Sif Muna
Uskayaw
Vehumet
Wu Jian
Xom
Yredelemnul
Zin
The Shining One

Shops:
D:3 [   D:4 *

Annotations:
D:7 3 runed translucent doors, groovy9's ghost, novice MiHu


Innate Abilities, Weirdness & Mutations

You have a pair of horns on your head.
You reflexively headbutt those who attack you in melee.


Message History

You slice the boulder beetle!! You headbutt the boulder beetle!
The boulder beetle is moderately wounded.
A gargoyle comes into view. It is wielding a +0 morningstar.
The boulder beetle bites you.
You hit the boulder beetle but do no damage.
The boulder beetle is moderately wounded.
You are no longer berserk.
You are exhausted.
You feel yourself slow down.
The boulder beetle bites you but does no damage.
You barely miss the boulder beetle.
You headbutt the boulder beetle, but do no damage.
The boulder beetle is moderately wounded.
The boulder beetle bites you but does no damage.
You hit the boulder beetle. You headbutt the boulder beetle!
The boulder beetle is heavily wounded.
The boulder beetle leaps!
You slash the boulder beetle!
The boulder beetle is heavily wounded.
You hit the gargoyle but do no damage.
The gargoyle hits you with a +0 morningstar!
A slime creature comes into view.
The boulder beetle bites you.
The gargoyle hits you with a +0 morningstar!
The boulder beetle bites you!!
The slime creature quivers.
You hit the boulder beetle but do no damage.
You headbutt the boulder beetle.
The boulder beetle is severely wounded.
You slash the gargoyle!
The gargoyle hurls a stone arrow at you.
The stone arrow misses you.
The stone arrow hits the boulder beetle.
The boulder beetle leaps!
The gargoyle hits you with a +0 morningstar!
* * * LOW HITPOINT WARNING * * *
The gargoyle closely misses you. The gargoyle attacks as you move away!
The gargoyle hits you with a +0 morningstar!
You die...

#######.##
#.##.####.###.
.........#
#.##.#......#.
##########
#.........#.#.
####..####..#.
#.....#..#.
##.##.#..#. ### ##
#.......#. #.##.#
#.......#. ####
#.@9## #.......#.
...# #.##J#
#.....#.#. ...###
##.###B..##.......#.
.†...# ####..#
.##.#.......#.
...#.## ##....## #.
#.###.#.#.
####..####..#### ##
#...#.#.#.
###...##.##
###.#.#.#.
#........# #.#.#.#.
#.###..#.# #.#.#.#.


You could see a boulder beetle, a slime creature and a gargoyle.

Vanquished Creatures
  Pikel (D:5)
  A wyvern (D:7)
  Eustachio (D:5)
  A steam dragon (D:6)
  Duvessa (D:5)
  2 water moccasins
  An orc warrior (D:6)
  4 black bears
  A sky beast (D:7)
  An ice beast (D:7)
  An ogre (D:6)
  A centaur (D:6)
  A phantom (D:5)
  A scorpion (D:7)
  Dowan (D:5)
  An electric eel (D:6)
  A howler monkey (D:6)
  5 jellies
  4 hounds
  A gnoll bouda (D:6)
  Crazy Yiuf (D:2)
  3 iguanas
  5 orc wizards
  18 adders
  8 gnolls
  2 white imps (D:7)
  An ufetubus (D:5)
  4 worms
  18 orcs
  5 ball pythons
  6 bats
  9 endoplasms
  A giant cockroach (D:4)
  7 goblins
  11 hobgoblins
  2 jackals (D:1)
  9 kobolds
  3 quokkas
  9 frilled lizards
  6 rats
159 creatures vanquished.

Vanquished Creatures (others)
  An orc (D:6)
  66 plants
67 creatures vanquished.

Grand Total: 226 creatures vanquished

Notes
Turn   | Place    | Note
-------+----------+-------------------------------------------
     0 | D:1      | MeatBomb the Minotaur Berserker began the quest for the
                  | Orb.
     0 | D:1      | Reached XP level 1. HP: 19/19 MP: 0/0
    72 | D:1      | Reached skill level 4 in Axes
   104 | D:1      | Found a faded altar of an unknown god.
   107 | D:1      | Reached XP level 2. HP: 19/26 MP: 1/1
   570 | D:1      | Reached skill level 5 in Axes
   684 | D:1      | Reached XP level 3. HP: 31/31 MP: 2/2
  1003 | D:2      | Found a runed translucent door.
  1004 | D:2      | Noticed Crazy Yiuf
  1011 | D:2      | Killed Crazy Yiuf
  1012 | D:2      | Reached skill level 6 in Axes
  1012 | D:2      | Reached XP level 4. HP: 39/39 MP: 3/3
  1947 | D:3      | Reached ** piety under Trog
  1953 | D:3      | Noticed a +0 short sword
  1954 | D:3      | Noticed a +0 dagger
  1954 | D:3      | Noticed a +0 spear
  1954 | D:3      | Noticed a +0 short sword
  1954 | D:3      | Noticed a +0 falchion
  1955 | D:3      | Noticed a +0 dagger
  1955 | D:3      | Noticed a +0 spear
  1956 | D:3      | Noticed a +0 falchion
  1980 | D:3      | Found a hide-covered altar of Uskayaw.
  2365 | D:3      | Reached skill level 7 in Axes
  2365 | D:3      | Reached XP level 5. HP: 45/45 MP: 4/4
  2554 | D:3      | Found Cabraram's Antique Armour Shop.
  2723 | D:4      | Found Mosaz's Lightly-Used Armoury.
  2734 | D:4      | Noticed a black bear
  2737 | D:4      | Killed a black bear
  2738 | D:4      | Reached skill level 8 in Axes
  2895 | D:4      | Reached XP level 6. HP: 49/51 MP: 5/5
  2980 | D:4      | You fall into a shaft and drop 2 floors!
  3064 | D:6      | Found a staircase to the Ecumenical Temple.
  3116 | D:5      | Entered Level 5 of the Dungeon
  3153 | D:5      | Reached skill level 9 in Axes
  3207 | D:5      | Found a glowing drain.
  3225 | Sewer    | Entered a sewer
  3628 | D:5      | Reached XP level 7. HP: 57/57 MP: 6/6
  3776 | D:4      | Reached *** piety under Trog
  4151 | D:5      | Found a glowing golden altar of the Shining One.
  4152 | D:5      | Noticed Duvessa
  4152 | D:5      | Noticed Dowan
  4162 | D:5      | Killed Duvessa
  4163 | D:5      | Reached skill level 10 in Axes
  4163 | D:5      | Killed Dowan
  4245 | D:5      | Noticed Eustachio
  4262 | D:5      | Reached skill level 11 in Axes
  4278 | D:5      | Killed Eustachio
  4341 | D:5      | Reached XP level 8. HP: 59/64 MP: 7/7
  4688 | D:5      | Found an ornate altar of the Wu Jian Council.
  4908 | D:5      | Noticed Pikel
  4914 | D:5      | Killed Pikel
  4915 | D:5      | Reached skill level 13 in Axes
  5306 | D:6      | Found a broken altar of Ashenzari.
  5389 | D:6      | Reached skill level 14 in Axes
  5454 | D:6      | Reached XP level 9. HP: 38/70 MP: 8/8
  5675 | D:6      | Reached **** piety under Trog
  6046 | D:6      | Found a blossoming altar of Fedhas.
  6206 | D:6      | Reached skill level 15 in Axes
  6279 | Temple   | Entered the Ecumenical Temple
  6451 | D:7      | Found a runed translucent gate.
  6451 | D:7      | Found a runed translucent gate.
  6451 | D:7      | Found a runed translucent gate.
  6455 | D:7      | Noticed groovy9's ghost (novice MiHu)
  6835 | D:7      | Found a burning altar of Makhleb.
  7085 | D:7      | Reached skill level 16 in Axes
  7274 | D:7      | Found an iron altar of Okawaru.
  7353 | D:7      | Noticed a boulder beetle
  7358 | D:7      | Noticed a gargoyle
  7366 | D:7      | Slain by a gargoyle

Illustrated notes

Levels and vault maps discovered:
D:1:      dpeg_arrival_simpleton_b, layout_basic,
          hellmonk_ecumenical_altar_pennies_from_heaven
D:2:      layout_loops_corners, hangedman_abyss_or_decor_lesser_grid,
          minmay_fractal_squares_gapless_5, uniq_crazy_yiuf_cottage
D:3:      layout_loops_cross, nicolae_uskayaw_en_pointe, serial_shops, shop
D:4:      layout_gridville, eino_tiny_chamber, minmay_shop_damaged,
          hangedman_decor_diamond_cutter, st_stairs_9
D:5:      layout_basic, lemuel_doored_altar, lemuel_coloured_pillars_altar,
          cheibrodos_sewer_entry_bend, uniq_eustachio, uniq_pikel, uniq_duvessa
D:6:      layout_rooms, amcnicky_altar_gilded, mainiacjoe_overflow_alcove_4,
          minmay_temple_entry_sparse_star, serial_bayou_pond_b
D:7:      minmay_cornered_nines, layout_basic,
          mainiacjoe_overflow_catch_the_wave, gammafunk_ghost_split, st_stairs_9
Temple:   nicolae_temple_ecumenical_triangle

Skill      XL: |  1  2  3  4  5  6  7  8  9 |
---------------+----------------------------+-----
Axes           | 4 5 6 7 8 9 11 14 16 | 16.1
Fighting       | |  3.6
Armour         | |  2.4
Dodging        | |  2.1

Action                   |  1- 3 |  4- 6 |  7- 9 || total
-------------------------+-------+-------+-------++-------
Melee: Hand axe          |    12 |       |       ||    12
       Headbutt          |     5 |    13 |    25 ||    43
       Executioner's axe |    32 |   109 |   186 ||   327
Throw: Stone             |       |    15 |    15 ||    30
Invok: Berserk           |     1 |     2 |     5 ||     8
  Use: Scroll            |       |     3 |     3 ||     6
Armor: Animal skin       |    11 |       |       ||    11
       Ring mail         |     2 |     4 |       ||     6
       Scale mail        |       |    81 |    63 ||   144
       Plate armour      |       |       |    54 ||    54
Dodge: Dodged            |    43 |    80 |   110 ||   233
